 Dungeon Crawl Stone Soup version 0.29-a0-451-gfbfa42419e (webtiles) character file.

Game seed: 16109500735399034280

10634 Ge0ff the Dealer of Despair (level 11, -12/52 HPs)
             Began as a Vine Stalker Necromancer on May 19, 2022.
             Was an Elder of Kikubaaqudgha.
             Mangled by Grum
             ... wielding a +0 halberd
              (20 damage)
             ... on level 11 of the Dungeon.
             The game lasted 00:32:07 (12440 turns).

Ge0ff the Dealer of Despair (VSNe)                 Turns: 12440, Time: 00:32:07

Health: -12/52     AC:  8    Str: 11    XL:     11   Next: 65%
Magic:  0/28       EV: 14    Int: 27    God:    Kikubaaqudgha [****..]
Gold:   971        SH:  0    Dex: 21    Spells: 12/20 levels left

rFire   . . .      SeeInvis .   a - +5 dagger (elec)
rCold   . . .      Faith    +   C - orb {light}
rNeg    + . .      Spirit   +   R - +2 robe {rN+}
rPois   .          Reflect  .   x - +2 hat of Baukeunoe {Will+ MP+9 Int+2}
rElec   .          Harm     .   (no cloak)
rCorr   .          Rampage  .   Y - +0 pair of gloves
Will    ++...                   O - +0 pair of boots
Stlth   +.........              U - amulet of faith
HPRegen 0.97/turn               G - +6 ring of intelligence {=R}
MPRegen 0.21/turn               W - +6 ring of dexterity

@: glowing
A: fangs 3, regeneration 1, magic shield, antimagic bite, no potion heal 2
a: Renounce Religion, Unearth Wretches


You were on level 11 of the Dungeon.
You worshipped Kikubaaqudgha.
Kikubaaqudgha was greatly pleased with you.
You visited 2 branches of the dungeon, and saw 12 of its levels.
You also visited: Sewer.

You collected 971 gold pieces.

Inventory:

Hand Weapons
 a - a +5 dagger of electrocution (weapon)
 b - a +3 vampiric dagger
 h - a +0 rapier
 z - the +7 broad axe of Taxation {vorpal, Contam rN++}
   (You found it on level 8 of the Dungeon)

   It inflicts extra damage upon your enemies.
   rN:        It greatly protects you from negative energy.
   Contam:    It causes magical contamination when unequipped.
 L - a +3 short sword of freezing
Missiles
 g - a throwing net {=F}
 v - 5 curare-tipped darts {=F}
 E - 10 poisoned darts
 P - 387 stones
 V - 5 boomerangs
Armour
 x - the +2 hat of Baukeunoe (worn) {Will+ MP+9 Int+2}
   (You found it on level 3 of the Dungeon)

   Int:       It affects your intelligence (+2).
   MP:        It affects your magic capacity (+9).
   Will:      It increases your willpower.
 y - +0 acid dragon scales
 C - an orb of light (worn)
 O - a +0 pair of boots (worn)
 R - a +2 robe of positive energy (worn)
 S - +0 steam dragon scales
 Y - a +0 pair of gloves (worn)
Magical Staves
 D - a staff of fire
Jewellery
 G - a +6 ring of intelligence (left hand) {=R}
 I - an amulet of regeneration
 U - an amulet of faith (around neck)
 W - a +6 ring of dexterity (right hand)
Wands
 d - a wand of digging (4)
 f - a wand of flame (24)
 j - a wand of acid (8)
 k - a wand of iceblast (4)
 s - a wand of mindburst (11)
Scrolls
 m - a scroll of magic mapping
 B - a scroll of blinking
 F - 2 scrolls of fog
 J - 2 scrolls of silence {!r}
 N - 2 scrolls of enchant armour
 T - 4 scrolls of teleportation
Potions
 q - 6 potions of curing
 u - 3 potions of mutation {!q}
 A - 2 potions of attraction
 H - 2 potions of haste {!q}
 K - a potion of magic {!q}
 M - a potion of might
 Q - 2 potions of degeneration {unknown}
 X - 2 potions of resistance {unknown}
 Z - a potion of berserk rage {!q}
Miscellaneous
 c - a condenser vane (inert)


   Skills:
 + Level 3.6 Fighting
 + Level 9.4 Short Blades
 + Level 2.8 Throwing
 + Level 1.8 Armour
 + Level 3.5 Dodging
 - Level 3.0 Stealth
 + Level 5.1 Spellcasting
 + Level 12.0 Necromancy
 + Level 3.6 Evocations


You had 12 spell levels left.
You knew the following spells:

 Your Spells              Type           Power      Damage    Failure   Level
k - Necrotize             Necr           100%       1d9       1%          1
x - Animate Dead          Necr           64%        N/A       1%          4
C - Vampiric Draining     Necr           64%        2d10      1%          3

Your spell library contained the following spells:

 Spells                   Type           Power      Damage    Failure   Level
 Sublimation of Blood     Necr           64%        N/A       1%          2
 Dispel Undead            Necr           64%        3d22      1%          4
 Agony                    Necr           64%        N/A       1%          5
 Death Channel            Necr           32%        N/A       8%          6
 Scorch                   Fire           12%        2d6       11%         2
 Corpse Rot               Necr/Pois/Air  28%        N/A       14%         4
 Portal Projectile        Hex/Tloc       12%        N/A       22%         3
 Tukima's Dance           Hex            6%         N/A       22%         3
 Flame Wave               Conj/Fire      6%         2d5       56%         4
 Simulacrum               Ice/Necr       19%        N/A       65%         6
 Blade Hands              Tmut           3%         N/A       89%         5
 Summon Cactus Giant      Summ           3%         N/A       100%        6


Dungeon Overview and Level Annotations

Branches:
Dungeon (11/15)            Temple (1/1) D:6            Lair (0/6) D:9
    Orc (0/2) D:11          Sewer (visited)

Altars:
Ashenzari
Cheibriados
Dithmenos
Elyvilon
Fedhas
Gozag
Hepliaklqana
Kikubaaqudgha
Makhleb
Nemelex Xobeh
Okawaru
Qazlal
Ru
Sif Muna
Trog
Uskayaw
Vehumet
Wu Jian
Xom
Yredelemnul
Zin
The Shining One

Annotations:
D:1 27 Necro
D:11 Grum


Innate Abilities, Weirdness & Mutations

You have razor-sharp teeth.
Your natural rate of healing is unusually fast.
When hurt, damage is shared between your health and your magic reserves.
Your bite disrupts and absorbs the magic of your enemies.
Potions cannot restore your health.


Message History

Press: ? - help, Shift-Dir - straight line, f/p - wolf
Aim: a wolf (heavily wounded, haloed)
You draw life force from the wolf!
You kill the wolf!
Kikubaaqudgha accepts your kill.
You feel life coursing into your body. The wolf bites you.
Your yak zombie barely misses the wolf.
Your yak zombie closely misses the wolf.
You hit the wolf. You bite the wolf. You drain its power.
You feel invigorated.
The wolf is moderately wounded.
The wolf bites you but does no damage. The wolf bites your yak zombie!
Casting: Vampiric Draining (safe; 1% risk of failure)
Confirm with . or Enter, or press ? or * to list all spells.
Aiming: Vampiric Draining (safe; 1% risk of failure)
Press: ? - help, Shift-Dir - straight line, f - wolf
Aim: a wolf (moderately wounded, haloed)
You draw life force from the wolf.
You feel life coursing into your body. The wolf bites you.
The wolf bites your yak zombie! Grum closely misses you.
The wolf barely misses you.
Your yak zombie closely misses the wolf.
Your yak zombie gores the wolf!
The wolf bites your yak zombie!
You hit the wolf. Your bite misses the wolf.
The wolf is severely wounded.
Grum closely misses you. The wolf bites you!
* * * LOW HITPOINT WARNING * * *
Casting: Vampiric Draining (safe; 1% risk of failure)
Confirm with . or Enter, or press ? or * to list all spells.
Aiming: Vampiric Draining (safe; 1% risk of failure)
Press: ? - help, Shift-Dir - straight line, f/p - wolf
Aim: a wolf (severely wounded, haloed)
You draw life force from the wolf!
You kill the wolf!
Kikubaaqudgha accepts your kill.
You feel life coursing into your body. The wolf completely misses you.
Grum barks.
Grum hits you from afar with a +0 halberd!!
* * * LOW HITPOINT WARNING * * *
Your yak zombie gores the wolf!
The wolf dies!
Kikubaaqudgha accepts your kill.
Your yak zombie closely misses Grum.
Your yak zombie gores Grum!
Your yak zombie barely misses Grum.
Aiming: Corrosive Bolt
Press: ? - help, Shift-Dir - straight line, f - Grum
Aim: Grum, wielding a +0 halberd and wearing a +0 animal skin (moderately wounded, ally target, haloed, 84% to hit)
The bolt of acid hits Grum!
The acid corrodes Grum!
Grum is severely wounded.
Grum hits you from afar with a +0 halberd!!
You die...
Kikubaaqudgha rasps: "You have failed me!
Welcome... death!"

......#....+ #....#
......###.######...#
##+#.)..#.##..##..†######
+....#......†........##.
#....#.<.....Z..........
#..).########Z##.##..##
###.)))...###g##.#####
#.......#.>.#......##.
#.......+..@#.........
#.......######.######.
#.......#..###.##..#
#.......#..Z.......#
#.......#..ZZ......#
#.......+..........#
#####.......#####'######.
.^.....ZZ#'##............
........Z#..#............


You could see Grum (corroded, ally target) and 2 friendly yak zombies.

Vanquished Creatures
  A two-headed ogre (D:10)
  Joseph (D:7)
  A troll (D:10)
  2 hornets
  A shadow (D:10)
  11 yaks
  4 wyverns
  3 steam dragons
  An acid dragon (D:8)
  A water moccasin (Sewer)
  2 black bears
  A sky beast (D:7)
  6 orc warriors
  4 ice beasts
  3 wolves (D:11)
  An ogre (D:5)
  2 centaurs
  2 kobold brigands
  2 bullfrogs
  2 necrophages
  3 gnoll sergeants
  21 wights
  2 howler monkeys
  8 orc priests
  2 jellies
  4 iguanas
  15 orc wizards
  16 gnolls
  6 adders
  A river rat (D:5)
  A shadow imp (D:6)
  A white imp (D:6)
  2 ufetubi
  4 worms
  2 dart slugs
  22 orcs
  15 bats
  7 endoplasms
  10 giant cockroaches
  7 goblins
  8 hobgoblins
  11 jackals
  2 quokkas (D:1)
  7 ball pythons
  6 frilled lizards
  11 kobolds
  4 rats
249 creatures vanquished.

Vanquished Creatures (collateral kills)
  A kobold demonologist (D:10)
  A troll (D:9)
  3 yaks
  2 wraiths (D:9)
  An acid dragon (D:9)
  A wolf (D:11)
  A howler monkey (D:9)
  3 hounds (D:5)
  2 gnolls (D:7)
  A river rat (D:5)
  4 orcs
  3 hobgoblins (D:1)
  A bat (Sewer)
  A frilled lizard (D:2)
  A kobold (D:9)
  3 rats (D:5)
29 creatures vanquished.

Vanquished Creatures (others)
  A wyvern zombie (D:9)
  2 yak zombies
  2 centaur zombies (D:8)
  A black bear zombie (D:8)
  2 necrophage zombies (D:8)
  A gnoll (D:8)
  A howler monkey zombie (D:8)
  7 orc zombies
  4 gnoll zombies (D:11)
21 creatures vanquished.

Grand Total: 299 creatures vanquished

Notes
Turn   | Place    | Note
-------+----------+-------------------------------------------
     0 | D:1      | Ge0ff the Vine Stalker Necromancer began the quest for the
                  | Orb.
     0 | D:1      | Reached XP level 1. HP: 9/9 MP: 4/4
   192 | D:1      | Reached XP level 2. HP: 9/13 MP: 1/6
   401 | D:1      | Reached skill level 1 in Fighting
   535 | D:1      | Found a faded altar of an unknown god.
   561 | D:1      | Reached XP level 3. HP: 17/18 MP: 2/8
  1436 | D:2      | Gained mutation: Your natural rate of healing is unusually
                  | fast. [Vine Stalker growth]
  1436 | D:2      | Reached XP level 4. HP: 20/22 MP: 5/9
  1680 | D:2      | Reached skill level 5 in Necromancy
  1748 | D:2      | Learned a level 3 spell: Vampiric Draining
  2342 | D:2      | Reached XP level 5. HP: 25/25 MP: 4/10
  2707 | D:3      | Identified the +2 hat of Baukeunoe {Will+ MP+9 Int+2}
  2961 | D:3      | Reached skill level 1 in Short Blades
  3492 | D:4      | Found a sacrificial altar of Ru.
  3569 | D:4      | Reached skill level 6 in Necromancy
  3590 | D:4      | Reached XP level 6. HP: 30/30 MP: 10/11
  4307 | D:5      | Entered Level 5 of the Dungeon
  4349 | D:5      | Found a glowing drain.
  4374 | D:5      | Reached skill level 7 in Necromancy
  4374 | D:5      | Reached XP level 7. HP: 33/33 MP: 13/13
  4465 | Sewer    | Entered a sewer
  4997 | D:5      | Found a sparkling altar of Nemelex Xobeh.
  5108 | D:5      | Reached skill level 8 in Necromancy
  5206 | D:5      | Gained mutation: You have razor-sharp teeth. [Vine Stalker
                  | growth]
  5206 | D:5      | Reached XP level 8. HP: 34/37 MP: 3/15
  5970 | D:5      | Reached skill level 9 in Necromancy
  6014 | D:6      | Found a staircase to the Ecumenical Temple.
  6024 | Temple   | Entered the Ecumenical Temple
  6239 | Temple   | Became a worshipper of Kikubaaqudgha
  6293 | D:6      | Learned a level 4 spell: Animate Dead
  6876 | D:6      | Reached skill level 10 in Necromancy
  7516 | D:7      | Reached * piety under Kikubaaqudgha
  7516 | D:7      | Received a gift from Kikubaaqudgha
  7533 | D:7      | Reached XP level 9. HP: 41/41 MP: 16/16
  7547 | D:7      | Reached skill level 1 in Throwing
  7547 | D:7      | Reached skill level 1 in Evocations
  7923 | D:7      | Identified a scroll of acquirement
  7924 | D:7      | Acquired 367 gold pieces
  8780 | D:7      | Noticed Joseph
  8795 | D:7      | Killed Joseph
  8796 | D:7      | Reached skill level 5 in Spellcasting
  8883 | D:7      | Found a blossoming altar of Fedhas.
  8915 | D:7      | Found an ornate altar of the Wu Jian Council.
  9142 | D:8      | Reached skill level 5 in Short Blades
  9153 | D:8      | Reached XP level 10. HP: 49/49 MP: 18/18
  9166 | D:8      | Reached ** piety under Kikubaaqudgha
  9207 | D:8      | Found a radiant altar of Vehumet.
  9228 | D:8      | Reached skill level 11 in Necromancy
  9728 | D:8      | Identified the +7 broad axe of Taxation {vorpal, Contam
                  | rN++}
 10013 | D:8      | Found a faded altar of an unknown god.
 10013 | D:8      | Found a hazy altar of Hepliaklqana.
 10036 | D:8      | Found a faded altar of an unknown god.
 10378 | D:9      | Reached *** piety under Kikubaaqudgha
 10378 | D:9      | Received a gift from Kikubaaqudgha
 10479 | D:9      | Found a hide-covered altar of Uskayaw.
 10562 | D:9      | Found a white marble altar of Elyvilon.
 10576 | D:9      | Reached skill level 12 in Necromancy
 10797 | D:9      | Found a staircase to the Lair.
 10888 | D:9      | Found a basalt altar of Yredelemnul.
 10917 | D:9      | Found an opulent altar of Gozag.
 10940 | D:9      | Reached XP level 11. HP: 50/52 MP: 19/19
 11250 | D:10     | Entered Level 10 of the Dungeon
 11320 | D:10     | Noticed a two-headed ogre
 11330 | D:10     | Killed a two-headed ogre
 11768 | D:10     | Reached skill level 1 in Armour
 12319 | D:11     | Reached **** piety under Kikubaaqudgha
 12420 | D:11     | Noticed Grum
 12422 | D:11     | Found a staircase to the Orcish Mines.
 12440 | D:11     | Mangled by Grum

Illustrated notes

Levels and vault maps discovered:
D:1:      minmay_arrival_four_houses, layout_basic,
          ebering_ecumenical_altar_sacrificial, minmay_tromino_v4_b
D:2:      layout_basic, hangedman_decor_clover_reticule
D:3:      layout_basic
D:4:      cheibrodos_pilgrimage, layout_cave_pools,
          mainiacjoe_overflow_boulevard, minivault_23, chequers_garden,
          chequers_serial_rivers_marsh, kennysheep_generic_room_2
D:5:      layout_layer_cave, nemelex_xobeh_ov_fountains_minmay,
          portal_sewer_entry_b
D:6:      layout_gridville, minmay_temple_entry_purple_smoke,
          minmay_misc_feat_nine_boxes, minmay_misc_feat_more_columns
D:7:      nicolae_BIG_FREAKIN_CUBE, layout_basic, mainiacjoe_overflow_swirl,
          uniq_joseph
D:8:      layout_loops_cross, nicolae_hepliaklqana_ecumenical_no_more,
          minmay_ruined_shrine
D:9:      layout_loops_cross, nicolae_overflow_hidden_temple,
          mainiacjoe_overflow_catwalk, mainiacjoe_overflow_catwalk_spiral,
          lair_entry_dummy
D:10:     layout_gridville
D:11:     gammafunk_worm_tunnel, layout_gridville, orc_0_dummy, serial_shops,
          nicolae_shop_trees, uniq_grum
Temple:   nicolae_temple_figure_eight

Skill      XL: |  1  2  3  4  5  6  7  8  9 10 11 |
---------------+----------------------------------+-----
Spellcasting   | 3 4 5 |  5.1
Fighting       | 1 3 |  3.6
Necromancy     | 5 6 7 8 10 12 | 12.0
Dodging        | 2 3 |  3.5
Short Blades   | 1 3 5 8 9 |  9.4
Throwing       | 2 |  2.8
Evocations     | 2 3 |  3.6
Armour         | 1 |  1.8
Stealth        | 3 |  3.0

Action                   |  1- 3 |  4- 6 |  7- 9 | 10-12 || total
-------------------------+-------+-------+-------+-------++-------
Melee: Dagger            |     9 |    30 |   156 |   162 ||   357
       Bite              |     4 |     7 |    51 |    78 ||   140
       Unarmed           |     1 |       |       |       ||     1
       Punch             |     1 |       |       |       ||     1
Throw: Stone             |       |     1 |       |       ||     1
 Cast: Necrotize         |    74 |   141 |   116 |    21 ||   352
       Vampiric Draining |       |       |    25 |    64 ||    89
       Animate Dead      |       |       |     4 |     5 ||     9
Evoke: Wand              |       |       |       |     1 ||     1
       Condenser vane    |       |       |       |     1 ||     1
  Use: Scroll            |       |    12 |     3 |     6 ||    21
 Stab: Distracted        |       |       |     1 |     1 ||     2
Armor: Robe              |     1 |    30 |    57 |    53 ||   141
Dodge: Dodged            |    20 |    46 |   114 |   160 ||   340

Table legend: (Time is in decaauts)
 A = Elapsed time spent in this place.
 B = Non-inter-level travel time spent in this place.
 C = Inter-level travel time spent in this place.
 D = Time resting spent in this place.
 E = Time spent auto-exploring this place.
 F = Levels seen in this place.
 G = Mean time per level.
                   A        B        C        D        E       F      G
               +--------+--------+--------+--------+--------+-----+--------+
         Total |  12370 |  12024 |    346 |    332 |   9500 |  13 |  951.5 |
       Dungeon |  11933 |  11609 |    324 |    332 |   9175 |  11 | 1084.8 |
        Temple |    237 |    215 |     22 |      0 |    204 |   1 |  237.0 |
         Sewer |    199 |    199 |      0 |      0 |    121 |   1 |  199.0 |
               +--------+--------+--------+--------+--------+-----+--------+

Top non-repeatable levels by time:
     D:5: 1509 daAuts
     D:7: 1492 daAuts
     D:1: 1423 daAuts
     D:8: 1324 daAuts
     D:6: 1221 daAuts
     D:2: 1160 daAuts
    D:10: 981 daAuts
     D:9: 917 daAuts
     D:4: 898 daAuts
     D:3: 823 daAuts
  Temple: 237 daAuts
   Sewer: 199 daAuts
    D:11: 182 daAuts
